[ AOE2 MATCH · #505573380 ]
UnrankedTeutons vs Wei
Player's team · WIN
Rival team · LOSS
[ REPLAY ANALYSIS · EXTRACTED FROM THE RECORDED GAME ]
Feudal
9:00
Castle
24:40
Imperial
31:10
| APM avg | 34.6 |
| APM peak | 86 |
| eAPM avg | 19.1 |
| Villagers / military | 65 / 20 |
Focus
⚔️ 38.9% · 🌾 61.1%
Teutonic Knight ×14 · Mangonel ×3 · Trebuchet (Packed) ×3
Feudal
9:41
Castle
24:36
Imperial
35:52
| APM avg | 33.5 |
| APM peak | 122 |
| eAPM avg | 21.6 |
| Villagers / military | 60 / 5 |
Focus
⚔️ 27.9% · 🌾 72.1%
Spearman ×4 · Unknown (1949) ×4 · Mangonel ×1
Match map
Initial resources + every placement click. Lines = walls · curves = elevation contours. ◆ gold · ⬟ stone · ● berries · ✦ relic · ◌ wall gap
Your base· ✓ Closed at 24:40 · 0t walls · 2 gate(s)
Mitch's base· ✓ Closed at 24:36 · 25t walls · 4 gate(s)
Smoothed initial terrain · ◌ = detected wall gap · hover for details
Inputs per minute
— TheHornyGuy - - Mitch
Build order — TheHornyGuy
First 150 of 160 actions detected
| 0:00 | Queue | Villager (Male) |
| 0:00 | Queue | Villager (Male) |
| 0:01 | Queue | Villager (Male) |
| 0:01 | Queue | Villager (Male) |
| 0:02 | Build | House |
| 0:05 | Build | House |
| 1:18 | Queue | Villager (Male) |
| 1:18 | Queue | Villager (Male) |
| 1:46 | Build | Lumber Camp |
| 1:49 | Queue | Villager (Male) |
| 2:19 | Queue | Villager (Male) |
| 2:44 | Queue | Villager (Male) |
| 2:44 | Queue | Villager (Male) |
| 2:47 | Build | House |
| 3:11 | Queue | Villager (Male) |
| 3:12 | Queue | Villager (Male) |
| 3:38 | Queue | Villager (Male) |
| 3:38 | Queue | Villager (Male) |
| 4:15 | Queue | Villager (Male) |
| 5:13 | Queue | Villager (Male) |
| 5:19 | Build | Mill |
| 5:38 | Queue | Villager (Male) |
| 5:39 | Research | Loom |
| 6:50 | Research | Feudal Age |
| 6:59 | Build | Mining Camp |
| 7:43 | Queue | Villager (Male) |
| 7:43 | Queue | Villager (Male) |
| 7:47 | Build | House |
| 8:12 | Build | House |
| 8:21 | Queue | Villager (Male) |
| 9:00 | Age | Feudal Age |
| 9:02 | Build | Watch Tower |
| 9:21 | Queue | Villager (Male) |
| 9:30 | Build | Blacksmith |
| 9:50 | Queue | Villager (Male) |
| 10:15 | Research | Fletching |
| 10:18 | Build | Watch Tower |
| 10:34 | Queue | Villager (Male) |
| 11:29 | Build | Watch Tower |
| 11:45 | Queue | Villager (Male) |
| 11:45 | Queue | Villager (Male) |
| 11:46 | Queue | Villager (Male) |
| 11:54 | Queue | Villager (Male) |
| 12:29 | Queue | Villager (Male) |
| 12:47 | Build | Watch Tower |
| 13:35 | Queue | Villager (Male) |
| 13:35 | Queue | Villager (Male) |
| 13:44 | Build | Watch Tower |
| 13:49 | Queue | Villager (Male) |
| 14:04 | Queue | Villager (Male) |
| 14:08 | Build | Farm |
| 14:27 | Queue | Villager (Male) |
| 14:29 | Build | House |
| 14:50 | Build | Farm |
| 14:54 | Queue | Villager (Male) |
| 15:50 | Queue | Villager (Male) |
| 15:51 | Queue | Villager (Male) |
| 15:56 | Build | Mining Camp |
| 15:58 | Build | Farm |
| 15:59 | Build | Farm |
| 16:05 | Build | House |
| 16:11 | Queue | Villager (Male) |
| 16:11 | Queue | Villager (Male) |
| 16:27 | Queue | Villager (Male) |
| 16:41 | Queue | Villager (Male) |
| 16:45 | Build | Farm |
| 16:45 | Build | Farm |
| 16:45 | Build | Farm |
| 17:08 | Build | Watch Tower |
| 17:37 | Queue | Villager (Male) |
| 17:37 | Queue | Villager (Male) |
| 17:39 | Build | Farm |
| 17:54 | Build | Farm |
| 18:03 | Build | House |
| 18:57 | Queue | Villager (Male) |
| 19:01 | Build | Farm |
| 19:02 | Build | Farm |
| 19:02 | Build | Farm |
| 19:11 | Build | Market |
| 19:13 | Build | House |
| 19:55 | Queue | Villager (Male) |
| 19:56 | Queue | Villager (Male) |
| 19:58 | Build | Farm |
| 19:59 | Build | Farm |
| 20:02 | Build | Farm |
| 20:46 | Queue | Villager (Male) |
| 20:55 | Build | Farm |
| 20:59 | Build | Farm |
| 20:59 | Build | Farm |
| 20:59 | Build | Farm |
| 20:59 | Build | Farm |
| 21:10 | Build | Watch Tower |
| 22:00 | Research | Castle Age |
| 22:37 | Research | Town Watch |
| 22:37 | Research | Town Watch |
| 22:38 | Research | Horse Collar |
| 24:34 | Queue | Villager (Male) |
| 24:34 | Queue | Villager (Male) |
| 24:37 | Research | Double-Bit Axe |
| 24:40 | Age | Castle Age |
| 24:44 | Build | Castle |
| 25:18 | Build | Castle |
| 25:21 | Queue | Villager (Male) |
| 25:21 | Queue | Villager (Male) |
| 25:49 | Build | Siege Workshop |
| 25:59 | Queue | Villager (Male) |
| 26:00 | Queue | Villager (Male) |
| 26:17 | Research | Bodkin Arrow |
| 26:28 | Queue | Mangonel |
| 27:46 | Build | Lumber Camp |
| 28:01 | Research | Imperial Age |
| 28:33 | Build | Gate |
| 28:37 | Build | Gate |
| 28:45 | Research | Bow Saw |
| 28:50 | Queue | Villager (Male) |
| 28:56 | Queue | Mangonel |
| 29:04 | Queue | Teutonic Knight |
| 29:05 | Queue | Teutonic Knight |
| 30:09 | Research | Bodkin Arrow |
| 30:11 | Queue | Villager (Male) |
| 30:11 | Queue | Villager (Male) |
| 30:14 | Build | University |
| 30:46 | Queue | Mangonel |
| 30:52 | Queue | Teutonic Knight |
| 31:10 | Age | Imperial Age |
| 31:13 | Queue | Trebuchet (Packed) |
| 31:15 | Queue | Villager (Male) |
| 31:21 | Research | Chemistry |
| 31:35 | Build | Mining Camp |
| 32:00 | Queue | Trebuchet (Packed) |
| 32:10 | Queue | Villager (Male) |
| 32:11 | Queue | Villager (Male) |
| 32:32 | Queue | Villager (Male) |
| 32:52 | Build | Gate |
| 32:54 | Build | Stone Wall |
| 32:55 | Build | Stone Wall |
| 32:59 | Queue | Trebuchet (Packed) |
| 33:06 | Queue | Villager (Male) |
| 33:27 | Queue | Villager (Male) |
| 34:35 | Queue | Villager (Male) |
| 34:35 | Queue | Villager (Male) |
| 34:49 | Queue | Teutonic Knight |
| 34:50 | Queue | Teutonic Knight |
| 34:50 | Queue | Teutonic Knight |
| 34:50 | Queue | Teutonic Knight |
| 34:50 | Queue | Teutonic Knight |
| 34:51 | Queue | Teutonic Knight |
| 34:51 | Queue | Teutonic Knight |
| 34:57 | Build | Barracks |
| 34:58 | Build | Barracks |
Build order — Mitch
First 150 of 173 actions detected
| 0:00 | Queue | Villager (Male) |
| 0:00 | Queue | Villager (Male) |
| 0:01 | Queue | Villager (Male) |
| 0:01 | Queue | Villager (Male) |
| 0:01 | Queue | Villager (Male) |
| 0:03 | Build | House |
| 0:04 | Build | House |
| 1:26 | Queue | Villager (Male) |
| 1:48 | Build | Lumber Camp |
| 1:57 | Queue | Villager (Male) |
| 2:11 | Queue | Villager (Male) |
| 2:11 | Queue | Villager (Male) |
| 2:48 | Queue | Villager (Male) |
| 3:02 | Queue | Villager (Male) |
| 3:06 | Build | House |
| 3:10 | Build | House |
| 3:44 | Queue | Villager (Male) |
| 3:44 | Queue | Villager (Male) |
| 4:06 | Queue | Villager (Male) |
| 4:28 | Build | Mill |
| 4:31 | Queue | Villager (Male) |
| 4:32 | Queue | Villager (Male) |
| 4:32 | Queue | Villager (Male) |
| 4:42 | Queue | Villager (Male) |
| 5:43 | Queue | Villager (Male) |
| 5:44 | Queue | Villager (Male) |
| 6:41 | Queue | Villager (Male) |
| 6:59 | Build | Mining Camp |
| 7:04 | Queue | Villager (Male) |
| 7:26 | Research | Feudal Age |
| 7:55 | Build | House |
| 8:59 | Queue | Villager (Male) |
| 8:59 | Queue | Villager (Male) |
| 9:41 | Age | Feudal Age |
| 9:45 | Build | Stone Wall |
| 9:51 | Build | Watch Tower |
| 9:56 | Research | Double-Bit Axe |
| 9:57 | Research | Horse Collar |
| 10:01 | Research | Loom |
| 10:25 | Queue | Villager (Male) |
| 10:39 | Queue | Villager (Male) |
| 11:02 | Build | Stone Wall |
| 11:03 | Queue | Villager (Male) |
| 11:14 | Queue | Villager (Male) |
| 11:14 | Queue | Villager (Male) |
| 11:31 | Queue | Villager (Male) |
| 11:44 | Build | Lumber Camp |
| 11:48 | Queue | Villager (Male) |
| 11:49 | Queue | Villager (Male) |
| 12:01 | Build | Watch Tower |
| 12:05 | Queue | Villager (Male) |
| 12:09 | Build | House |
| 12:10 | Build | House |
| 12:15 | Build | House |
| 12:37 | Build | Stone Wall |
| 12:49 | Build | Barracks |
| 13:02 | Queue | Villager (Male) |
| 13:05 | Build | Barracks |
| 13:08 | Build | Watch Tower |
| 13:11 | Build | Watch Tower |
| 13:14 | Build | Blacksmith |
| 13:18 | Queue | Villager (Male) |
| 13:52 | Research | Fletching |
| 13:52 | Research | Fletching |
| 14:25 | Build | Lumber Camp |
| 14:29 | Build | Farm |
| 14:32 | Build | Farm |
| 14:45 | Build | Market |
| 15:09 | Queue | Villager (Male) |
| 15:25 | Build | Watch Tower |
| 15:45 | Build | Farm |
| 15:53 | Build | Farm |
| 16:21 | Build | Farm |
| 16:23 | Build | Farm |
| 16:41 | Build | Farm |
| 16:56 | Build | Stone Wall |
| 17:01 | Build | Watch Tower |
| 17:03 | Queue | Villager (Male) |
| 17:14 | Build | Farm |
| 17:54 | Queue | Villager (Male) |
| 17:54 | Queue | Villager (Male) |
| 18:04 | Build | Farm |
| 18:25 | Build | Lumber Camp |
| 18:26 | Queue | Villager (Male) |
| 18:48 | Build | Farm |
| 18:52 | Build | Farm |
| 19:02 | Build | Farm |
| 19:08 | Build | Farm |
| 19:09 | Build | Farm |
| 19:10 | Build | Farm |
| 19:12 | Queue | Villager (Male) |
| 19:28 | Build | Farm |
| 19:36 | Build | Mill |
| 19:38 | Queue | Villager (Male) |
| 19:45 | Build | Mining Camp |
| 20:01 | Queue | Villager (Male) |
| 20:34 | Build | Stone Wall |
| 20:38 | Build | Stone Wall |
| 21:50 | Build | Watch Tower |
| 21:56 | Research | Castle Age |
| 22:08 | Build | House |
| 22:09 | Build | House |
| 23:01 | Research | Gold Mining |
| 23:06 | Research | Stone Mining |
| 23:06 | Research | Stone Mining |
| 23:35 | Build | Gate |
| 24:36 | Age | Castle Age |
| 24:42 | Build | Castle |
| 25:10 | Queue | Villager (Male) |
| 25:10 | Queue | Villager (Male) |
| 25:27 | Research | Bodkin Arrow |
| 25:27 | Research | Bodkin Arrow |
| 25:33 | Build | Mining Camp |
| 25:58 | Build | Siege Workshop |
| 26:02 | Queue | Villager (Male) |
| 26:33 | Research | Bow Saw |
| 26:41 | Queue | Unit 1949 |
| 26:41 | Queue | Unit 1949 |
| 26:58 | Queue | Villager (Male) |
| 27:08 | Queue | Villager (Male) |
| 27:16 | Queue | Mangonel |
| 27:39 | Queue | Villager (Male) |
| 28:02 | Queue | Villager (Male) |
| 28:21 | Queue | Villager (Male) |
| 28:51 | Build | Town Center |
| 29:02 | Queue | Villager (Male) |
| 29:08 | Build | Farm |
| 29:09 | Build | Farm |
| 29:16 | Queue | Villager (Male) |
| 29:20 | Research | Heavy Plow |
| 29:53 | Build | Farm |
| 29:58 | Build | Farm |
| 30:00 | Build | Farm |
| 30:03 | Build | Farm |
| 30:09 | Queue | Villager (Male) |
| 30:10 | Queue | Villager (Male) |
| 30:22 | Build | Farm |
| 30:30 | Build | Farm |
| 30:35 | Build | Lumber Camp |
| 30:40 | Build | Farm |
| 30:46 | Queue | Villager (Male) |
| 30:55 | Build | Farm |
| 31:08 | Queue | Villager (Male) |
| 31:18 | Build | Farm |
| 31:30 | Queue | Unit 1949 |
| 31:49 | Build | Barracks |
| 32:42 | Research | Imperial Age |
| 32:54 | Queue | Unit 1949 |
| 33:16 | Build | University |
| 33:22 | Build | Mining Camp |
Match timeline
| 9:00 | TheHornyGuy · age_up feudal |
| 9:41 | Mitch · age_up feudal |
| 9:45 | Mitch · wall_segment Stone Wall x12 |
| 11:02 | Mitch · wall_segment Stone Wall x1 |
| 12:37 | Mitch · wall_segment Stone Wall x1 |
| 12:49 | Mitch · first_building Barracks |
| 16:56 | Mitch · wall_segment Stone Wall x5 |
| 20:34 | Mitch · wall_segment Stone Wall x5 |
| 20:38 | Mitch · wall_segment Stone Wall x1 |
| 20:54 | Mitch · first_market_sell 100 wood |
| 23:55 | Mitch · first_market_buy 100 stone |
| 24:36 | Mitch · age_up castle |
| 24:40 | TheHornyGuy · age_up castle |
| 24:42 | Mitch · first_building Castle |
| 24:44 | TheHornyGuy · first_building Castle |
| 25:06 | TheHornyGuy · first_market_sell 100 food |
| 25:07 | TheHornyGuy · first_market_buy 100 stone |
| 25:49 | TheHornyGuy · first_building Siege Workshop |
| 25:58 | Mitch · first_building Siege Workshop |
| 31:10 | TheHornyGuy · age_up imperial |
| 32:54 | TheHornyGuy · wall_segment Stone Wall x1 |
| 32:55 | TheHornyGuy · wall_segment Stone Wall x1 |
| 34:07 | Mitch · first_building Stable |
| 34:57 | Mitch · first_building Archery Range |
| 34:57 | TheHornyGuy · first_building Barracks |
| 35:22 | Mitch · wall_segment Stone Wall x3 |
| 35:23 | Mitch · wall_segment Stone Wall x1 |
| 35:26 | Mitch · wall_segment Stone Wall x1 |
| 35:27 | Mitch · wall_segment Stone Wall x1 |
| 35:52 | Mitch · age_up imperial |
| 36:02 | TheHornyGuy · first_building Archery Range |
| 36:30 | Mitch · resign |
[ AI ANALYSIS · 1 CREDIT ]
What really happened in this match?
Wolo.gg analyzes every decision: build order, eco, micro, common mistakes by bracket. Personalized analysis on WhatsApp or Discord in 30 seconds.
Civ guide
Teutons
Perfil
Jugador #22614145